cohdb
Replays
Latest Replays
All Replays
Popular Replays
Top Player Replays
Match Explorer
How It Works
Community
CoH3 Stats
Reddit
Sign in to upload your games and track your stats! →
Sign in with Steam
Match 46176441
Unlisted
Match 46176441
Overview
Messages
Build Orders
End
Selects Australian Defense Battlegroup
Selects Australian Light Infantry Section
Australian Light Infantry Section
Vickers Machine Gun Team
Australian Light Infantry Section
Construct Section Command Post
Infantry Section
Construct Platoon Command Post
Humber Armored Car
Selects Defensive Tactics
Construct Field Infirmary
Selects Hold the Line!
Royal Engineer Section
Selects CMP 15cwt Supply Run
6-pounder Anti-tank Gun Team
Hold the Line!
Selects Artillery Trip Wire Flares
Hold the Line!
Selects Archer Tank Destroyer
F4lcon
MasterStef
0
0
Comments
sign in to comment!
No comments posted yet!